 Dungeon Crawl Stone Soup version 0.28-a0-987-g8383568036 (webtiles) character file.

Game seed: 19667988846628462

9 Essalna the Firebug (level 2, 19/19 HPs)
             Began as a Demonspawn Fire Elementalist on Dec 4, 2021.
             Got out of the dungeon alive.
             The game lasted 00:00:40 (352 turns).

Essalna the Firebug (Demonspawn Fire Elementalist)   Turns: 352, Time: 00:00:40

Health: 19/19      AC:  2    Str:  8    XL:     2   Next: 6%
Magic:  1/5        EV: 12    Int: 16    God:
Gold:   11         SH:  0    Dex: 13    Spells: 4/5 levels left

rFire   . . .      SeeInvis .   b - +0 dagger
rCold   . . .      Faith    .   (no shield)
rNeg    . . .      Spirit   .   a - +0 robe
rPois   .          Reflect  .   (no helmet)
rElec   .          Harm     .   (no cloak)
rCorr   .          Rampage  .   (no gloves)
Will    .....                   (no boots)
Stlth   ++........              (no amulet)
HPRegen 0.06/turn               (no ring)
MPRegen 0.09/turn               (no ring)

@: no status effects
A: weakness stinger 1
a: no special abilities


You escaped.
You visited 1 branch of the dungeon, and saw 1 of its levels.

You collected 11 gold pieces.

Inventory:

Hand Weapons
 b - a +0 dagger (weapon)
Armour
 a - a +0 robe (worn)
Scrolls
 c - a scroll of enchant weapon {unknown}
 d - 2 scrolls of amnesia {unknown}


   Skills:
 - Level 1.7 Dodging
 - Level 1.7 Stealth
 + Level 2.2 Spellcasting
 + Level 1.4 Conjurations
 + Level 2.9 Fire Magic


You had 4 spell levels left.
You knew the following spells:

 Your Spells              Type           Power      Damage    Failure   Level
a - Foxfire               Conj/Fire      32%        2x1d5     9%          1

Your spell library contained the following spells:

 Spells                   Type           Power      Damage    Failure   Level
 Scorch                   Fire           22%        2d6       10%         2
 Conjure Flame            Conj/Fire      8%         6-21      26%         3
 Inner Flame              Hex/Fire       6%         N/A       32%         3
 Flame Wave               Conj/Fire      8%         2d4       63%         4


Dungeon Overview and Level Annotations

Branches:
Dungeon (1/15)

Altars:


Innate Abilities, Weirdness & Mutations

You have a small tail.


Message History

The foxfire hits the hobgoblin.
You kill the hobgoblin!
No target in view!
Your foxfire dissipates!
You see here a hobgoblin corpse.
c - a scroll labelled OTUSHR GUXZOKH
There is a stone staircase leading down here.
You see here a bat corpse.
There is a staircase leading out of the dungeon here.
A kobold comes into view. It is wielding a +0 dagger.
The kobold shouts!
You hear a shout!
The teleport trap disappears.
The kobold disappears!
The kobold moves out of view.
d - 2 scrolls labelled WAMME VUOWA A goblin comes into view.
It is wielding a +0 club.
You conjure some foxfire!
You conjure some foxfire!
A bat comes into view.
The foxfire hits the goblin.
The goblin is severely wounded.
The foxfire hits the goblin.
You kill the goblin!
You have reached level 2!
You feel monstrous as your demonic heritage exerts itself.
Your demonic ancestry asserts itself...
You grow a small tail.
A bat is nearby!
You miscast Foxfire.
You are very lightly contaminated with residual magic.
Nothing appears to happen.
The foxfire hits the bat.
The bat is severely wounded.
The foxfire hits the bat.
You kill the bat!
You are too depleted to draw on your mana recklessly!
You are too depleted to draw on your mana recklessly!
You are too depleted to draw on your mana recklessly!
Your magical contamination has completely faded away.
There is a staircase leading out of the dungeon here.
Are you sure you want to leave the Dungeon?
This will make you lose the game!
You have escaped!

... ...........................
...♣♣♣♣♣♣♣♣♣...............####.
.........#.................# #.
.....÷.#...................# ##†
........###############....# #..
............####..........####>#
########........###.≈≈..........#
.....###......#...#.≈≈...##..####
..............#.@.#......##..#
.....###...≈≈.#...#......#...#
.....# #...≈≈.###........#.#.####
###### #........####.......#.....
########## #########.....
#............† ♣.♣######..... #.#
#..... ♣.♣#♣## ###.##


There were no monsters in sight!

Vanquished Creatures
  3 bats (D:1)
  An endoplasm (D:1)
  A giant cockroach (D:1)
  A goblin (D:1)
  A hobgoblin (D:1)
  A frilled lizard (D:1)
8 creatures vanquished.

Vanquished Creatures (others)
  28 foxfires (D:1)
28 creatures vanquished.

Grand Total: 36 creatures vanquished

Notes
Turn   | Place    | Note
-------+----------+-------------------------------------------
     0 | D:1      | Essalna the Demonspawn Fire Elementalist began the quest
                  | for the Orb.
     0 | D:1      | Reached XP level 1. HP: 13/13 MP: 3/3
   337 | D:1      | Discovered your monstrous ancestry.
   337 | D:1      | Gained mutation: You have a small tail. [demonic ancestry]
   337 | D:1      | Reached XP level 2. HP: 19/19 MP: 1/5
   352 | D:$      | Got out of the dungeon alive.

Illustrated notes

Levels and vault maps discovered:
D:1:      amcnicky_arrival_double_pillar, layout_rooms, serial_forest,
          infiniplex_forest_straight_3, infiniplex_forest_fountain,
          infiniplex_forest_lined_room_, infiniplex_forest_end_2,
          infiniplex_forest_clump_double, infiniplex_forest_side_room,
          infiniplex_forest_lined_corner, infiniplex_forest_corner_2

Action                   || total
-------------------------++-------
Melee: Dagger            ||    11
 Cast: Foxfire           ||    15
Armor: Robe              ||     6
Dodge: Dodged            ||    11

Table legend: (Time is in decaauts)
 A = Elapsed time spent in this place.
 B = Non-inter-level travel time spent in this place.
 C = Inter-level travel time spent in this place.
 D = Time resting spent in this place.
 E = Time spent auto-exploring this place.
 F = Levels seen in this place.
 G = Mean time per level.
                   A        B        C        D        E       F      G
               +--------+--------+--------+--------+--------+-----+--------+
         Total |    351 |    338 |     13 |      0 |    283 |   1 |  351.0 |
       Dungeon |    351 |    338 |     13 |      0 |    283 |   1 |  351.0 |
               +--------+--------+--------+--------+--------+-----+--------+

Top non-repeatable levels by time:
     D:1: 351 daAuts
